Map: Automaton LE

Players

TiPtOP

  • Race: Terran Terran
  • League: Silver
  • Spawn Location: 9:00

Foxtrot - Winner!

  • Race: Zerg Zerg
  • League: Gold
  • Spawn Location: 3:00

VOD

Have the link to the VOD?

Description

Time

  • Played on: May 7, 2019, 7:11 a.m.
  • Length: 12:26
Show
View Real Time Build Order
Export as new Build Order

TiPtOP Terran 

Build Orders: Gas First Reaper Expand 

Get SALT Encoding   

  12  0:01  SCV  
  13  0:13  SCV  
  14  0:25  Supply Depot  
  14  0:29  Refinery  
  14  0:30  SCV  
  15  0:46  SCV  
  16  0:53  Barracks  
  16  0:59  SCV  
  17  1:14  SCV  
  18  1:27  SCV  
  19  1:40  Orbital Command  
  19  1:42  Reaper  
  20  1:59  Command Center  
  20  2:06  SCV  
  21  2:21  SCV  
  22  2:24  Barracks Reactor  
  22  2:35  Barracks  
  22  2:45  Supply Depot  
  22  2:56  SCV  
  23  3:12  SCV  
  24  3:18  Factory  
  24  3:35  Barracks Tech Lab  
  23  3:54  Marine x2  
  25  3:56  Marauder  
  27  4:03  SCV  
  27  4:09  Factory Reactor  
  28  4:18  Barracks  
  28  4:23  Starport  
  28  4:29  Marine x2  
  28  4:30  Marauder  
  32  4:41  SCV  
  33  4:50  Marine x2  
  33  4:52  Marauder  
  37  4:58  SCV x2  
  39  5:18  Marine x2  
  39  5:19  Marauder  
  39  5:21  SCV  
  44  5:26  Factory Tech Lab  
  44  5:48  Command Center  
  44  6:00  SCV  
  44  6:03  SCV  
  46  6:30  Supply Depot  
  46  6:31  Supply Depot  
  46  6:43  Stimpack  
  46  6:51  Siege Tank, SCV x2, Marine x2  
  46  6:53  Marauder, Supply Depot  
  55  7:00  SCV  
  56  7:12  SCV  
  57  7:16  Barracks  
  57  7:18  Medivac  
  57  7:19  Medivac  
  57  7:20  Barracks  
  61  7:36  Marine x2, Marauder  
  65  7:45  Refinery  
  65  7:48  SCV  
  65  7:50  SCV  
  68  7:51  SCV  
  68  7:58  Marauder  
  70  8:00  SCV  
  70  8:02  SCV  
  70  8:03  SCV  
  73  8:08  Marine x2  
  73  8:12  Barracks Reactor  
  75  8:13  Barracks Tech Lab  
  75  8:19  Marauder  
  77  8:24  SCV  
  78  8:27  SCV x2  
  78  8:32  Command Center  
  82  8:34  Marine x2, Marauder  
  84  9:00  Supply Depot  
  84  9:01  Supply Depot  
  84  9:02  Supply Depot  
  84  9:03  Supply Depot  
  84  9:04  Engineering Bay  
  84  9:07  Engineering Bay  
  84  9:22  Marauder x2, Orbital Command  
  88  9:27  Refinery  
  88  9:30  Refinery  
  88  9:34  Marine x3  
  88  9:36  Medivac x2  
  95  9:44  Marauder x2  
  99  9:47  Refinery x2  
  99  9:51  SCV  
  99  9:52  Refinery  
  100  10:03  SCV  
  101  10:15  SCV  
  101  10:16  Supply Depot  
  102  10:27  SCV  
  68  10:51  Marine  
  68  10:52  Marine x5  
  59  11:09  Marine x3  
  59  11:10  Marine  
  58  11:22  Siege Tank  
  35  11:53  Marine x3  
  40  11:54  Siege Tank  
  46  12:10  SCV  
Show
View Real Time Build Order
Export as new Build Order

Foxtrot Zerg - Winner!

Build Orders: Hatch First, Roach Hydra 

Get SALT Encoding   

  12  0:02  Drone  
  13  0:12  Drone  
  14  0:17  Overlord  
  14  0:36  Drone x2  
  14  0:37  Drone  
  17  0:48  Drone  
  18  1:00  Hatchery  
  18  1:04  Drone  
  18  1:06  Extractor  
  17  1:20  Drone x2  
  19  1:26  Spawning Pool  
  18  1:34  Drone  
  19  1:40  Drone  
  20  2:02  Overlord  
  20  2:13  Metabolic Boost  
  20  2:14  Queen  
  20  2:15  Queen  
  24  2:16  Zergling x2  
  24  2:19  Zergling x2  
  26  2:26  Drone x2  
  28  2:34  Drone x2  
  30  2:39  Overlord  
  30  2:55  Drone x3  
  33  3:03  Roach Warren  
  33  3:04  Queen  
  34  3:09  Drone x2  
  36  3:20  Evolution Chamber  
  35  3:27  Drone x2  
  35  3:28  Drone x2  
  35  3:29  Drone  
  35  3:31  Zergling x4  
  42  3:50  Lair  
  42  4:00  Extractor  
  42  4:01  Drone x3, Extractor  
  43  4:03  Hatchery  
  43  4:04  Overlord  
  43  4:09  Zerg Missile Weapons Level 1  
  42  4:19  Drone x2  
  42  4:20  Overlord  
  42  4:23  Roach  
  46  4:35  Drone  
  46  4:36  Drone x5  
  52  4:41  Overlord x2  
  52  4:48  Glial Reconstitution  
  52  4:56  Evolution Chamber  
  51  5:03  Overlord, Drone x5  
  56  5:13  Roach  
  56  5:14  Roach x4  
  64  5:19  Hydralisk Den  
  65  5:25  Roach x2  
  65  5:26  Roach  
  71  5:35  Roach x3  
  77  5:42  Roach x3  
  82  5:49  Roach x2  
  88  5:50  Zergling x2, Roach  
  89  5:59  Overlord x3  
  89  6:07  Zerg Ground Armor Level 1  
  89  6:11  Overlord  
  89  6:12  Overlord  
  89  6:20  Extractor  
  89  6:21  Drone x2  
  89  6:22  Drone x4  
  89  6:24  Roach  
  96  6:32  Drone x5  
  101  6:37  Queen  
  103  6:47  Drone x4  
  103  6:48  Drone  
  103  6:50  Grooved Spines  
  103  6:53  Overlord  
  108  6:55  Zerg Missile Weapons Level 2  
  108  7:02  Drone x4  
  112  7:13  Extractor  
  112  7:15  Spore Crawler  
  110  7:16  Spore Crawler  
  110  7:18  Extractor  
  110  7:19  Spore Crawler  
  110  7:20  Overlord x2, Drone x4  
  110  7:22  Roach  
  113  7:27  Hydralisk x2  
  117  7:40  Hydralisk x2  
  117  7:41  Hydralisk x3  
  127  7:47  Queen  
  129  8:04  Muscular Augments  
  129  8:06  Zerg Ground Armor Level 2  
  129  8:07  Hatchery  
  129  8:08  Roach x3  
  129  8:09  Roach  
  136  8:29  Hydralisk x2  
  136  8:30  Overlord x4, Roach x3  
  147  8:34  Drone x4  
  147  8:40  Overseer x2  
  150  8:49  Hydralisk  
  150  8:50  Hydralisk x4  
  150  8:52  Roach  
  163  9:17  Overlord x2, Drone x2  
  163  9:18  Hydralisk x2, Roach x5  
  178  9:33  Spore Crawler  
  178  9:37  Extractor  
  176  9:38  Extractor  
  176  9:45  Infestation Pit, Hydralisk, Roach x2  
  178  9:46  Hydralisk x3, Roach x4  
  178  9:47  Hydralisk  
  178  9:52  Queen  
  190  10:47  Overlord x4  
  190  10:48  Drone x4  
  190  10:49  Roach  
  182  10:50  Roach x3  
  182  10:55  Hive  
  176  11:12  Hydralisk x3, Roach x3  
  176  11:13  Hydralisk x4, Roach x2  
  198  11:31  Roach  
  198  11:43  Roach  
  198  11:44  Roach  
  200  11:52  Overlord  
Tags
 
Add a new tag
Caveats
  • Supply blocks, unpowered buildings, or Contaminate may cause inaccurate times.
  • Supply counts are checked every 10 seconds.